 Dungeon Sprint DCSS version 0.30-a0-304-gdc4b735fe1 (webtiles) character file.

Game seed: 16352934822329704780

1195 rocky1 the Earth Mage (level 8, -7/47 (53) HPs)
             Began as a Formicid Earth Elementalist on Oct 21, 2022.
             Was a Believer of Sif Muna.
             Killed from afar by Josephine (35 damage)
             ... with a ghostly fireball
             ... in the Dungeon (Sprint III: "The Ten Rune Challenge").
             The game lasted 00:04:14 (1066 turns).

rocky1 the Earth Mage (Formicid Earth Elementalist) Turns: 1066, Time: 00:04:15

HP:   -7/47 (53)    AC:  2    Str: 12    XL:     8   Next: 72%
MP:   13/22         EV: 13    Int: 18    God:    Sif Muna [**....]
Gold: 36            SH:  0    Dex: 14    Spells: 20/28 levels left

rFire   . . .      SeeInvis +    l - +0 mace
rCold   . . .      Faith    .    (no shield)
rNeg    . . .      Spirit   .    a - +0 robe
rPois   .          Reflect  .    (helmet unavailable)
rElec   .          Harm     .    (no cloak)
rCorr   .          Rampage  .    (no gloves)
Will    .....                    (no boots)
Stlth   +++.......               (no amulet)
HPRegen 0.27/turn                (no ring)
MPRegen 0.18/turn                (no ring)

@: heavily drained
A: permanent stasis, dig shafts and tunnels, antennae 3, four strong arms
a: Dig, Renounce Religion, Channel Magic


You were in the Dungeon.
You worshipped Sif Muna.
Sif Muna was pleased with you.
You visited 1 branch You collected 36 gold pieces.

Inventory:

Hand Weapons
 l - a +0 mace (weapon)
 m - a +1 long sword of holy wrath
Armour
 a - a +0 robe (worn)
Wands
 d - a wand of flame (27)
Scrolls
 f - 3 scrolls of poison {unknown}
 g - a scroll of enchant weapon {unknown}
 h - a scroll of immolation {unknown}
 i - 2 scrolls of identify
Potions
 b - 2 potions of magic
 c - 4 potions of curing
 e - 4 potions of mutation {unknown}
 j - a potion of flight {unknown}
Miscellaneous
 k - a phial of floods


   Skills:
 - Level 0.5 Fighting
 - Level 2.9 Dodging
 - Level 4.4 Stealth
 - Level 0.4 Unarmed Combat
 + Level 10.9 Spellcasting
 - Level 1.1 Transmutations
 * Level 16.8 Earth Magic


You had 20 spell levels left.
You knew the following spells:

 Your Spells              Type           Power      Damage    Failure   Level
a - Sandblast             Erth           100%       2d20      0%          1
b - Stone Arrow           Conj/Erth      80%        3d12      1%          3
c - Petrify               Tmut/Erth      42%        N/A       1%          4

Your spell library contained the following spells:

 Spells                   Type           Power      Damage    Failure   Level
 Passwall                 Tmut/Erth      35%        N/A       1%          2
 Cigotuvi's Dreadful Rot  Necr/Pois/Air  18%        N/A       11%         2
 Poisonous Vapours        Pois/Air       18%        N/A       11%         2
 Mephitic Cloud           Conj/Pois/Air  9%         N/A       22%         3


Dungeon Overview and Level Annotations

Branches:
Dungeon (1/1)

Altars:
Cheibriados
Dithmenos
Elyvilon
Fedhas
Gozag
Hepliaklqana
Kikubaaqudgha
Makhleb
Nemelex Xobeh
Okawaru
Qazlal
Ru
Sif Muna
Trog
Uskayaw
Vehumet
Wu Jian
Xom
Yredelemnul
Zin
The Shining One
Jiyva
Lugonu

Annotations:
D Josephine


Innate Abilities, Weirdness & Mutations

You cannot be hasted, slowed, berserked, paralysed or teleported.
You can dig through walls and to a lower floor.
You have a pair of large antennae on your head. (SInv)
Your four strong arms can wield two-handed weapons with a shield.


Message History

There is an open door, spattered with blood here.
You start resting.
HP restored.
You start resting.
Magic restored.
There is an open door here.
You open the door.
There is an open door here.
Josephine the Decaying Necromancer comes into view.
She is wielding a +0 dagger of electrocution.
Unknown command.
Casting: Stone Arrow (safe; 1% risk of failure)
Confirm with . or Enter, or press ? or * to list all spells.
Aiming: Stone Arrow (safe; 1% risk of failure)
Press: ? - help, Shift-Dir - straight line, f - Josephine
Aim: Josephine, wielding a +0 dagger of electrocution and wearing a +0 robe (asleep, 100% to hit)
The stone arrow hits Josephine!!
Josephine is moderately wounded.
Josephine shouts!
Casting: Stone Arrow (safe; 1% risk of failure)
Confirm with . or Enter, or press ? or * to list all spells.
Aiming: Stone Arrow (safe; 1% risk of failure)
Press: ? - help, Shift-Dir - straight line, f/p - Josephine
Aim: Josephine, wielding a +0 dagger of electrocution and wearing a +0 robe (black smoke, moderately wounded, 76% to hit)
The stone arrow hits Josephine!!
Josephine is severely wounded.
Josephine gestures at you while chanting.
The ghostly flame explodes!
The ghostly fireball engulfs you!!
You feel drained.
Casting: Stone Arrow (safe; 1% risk of failure)
Confirm with . or Enter, or press ? or * to list all spells.
Aiming: Stone Arrow (safe; 1% risk of failure)
Press: ? - help, Shift-Dir - straight line, f/p - Josephine
Aim: Josephine, wielding a +0 dagger of electrocution and wearing a +0 robe (black smoke, severely wounded, 76% to hit)
The stone arrow hits Josephine!
Josephine is almost dead.
Josephine casts a spell at you.
The ghostly flame explodes!
The ghostly fireball engulfs you!!
You feel drained.
Ouch! That really hurt!
You die... ♣.############ ♣♣.#___#___#__# ..#...#__.#._# {{{{{{ ♣.###'#'###)## {{{{{{ ♣♣.#..........# {{{{{{

.♣.'.⌠........#
♣♣.#)..######'#
...#.⌠.#__#...#+#####
...#...#__#...#.@~§~+
...#'###__#...#.#§§§#
...#.).#__#...'.#@§§#
...#___#__'...#.#.§.#
{
▓▓▓▓▓▓▓▓▓▓▓▓▓▓▓▓▓▓▓▓▓
{ { { {{ { {{


You could see Josephine.

Vanquished Creatures
  A deep elf pyromancer (D)
  A shadow (D)
  A spatial vortex (D)
  A water elemental (D)
  A necrophage (D)
  A jelly (D)
  A wizard (D)
  A necromancer (D)
  3 humans (D)
  A kobold demonologist (D)
  A phantom (D)
  An endoplasm (D)
  3 rats (D)
17 creatures vanquished.

Notes
Turn   | Place    | Note
-------+----------+-------------------------------------------
     0 | D        | rocky1 the Formicid Earth Elementalist began the quest for
                  | the Orb.
     0 | D        | Reached XP level 1. HP: 13/13 MP: 3/3
     3 | D        | Reached skill level 4 in Earth Magic
    80 | D        | Reached XP level 2. HP: 19/19 MP: 1/5
   153 | D        | Reached skill level 6 in Earth Magic
   153 | D        | Reached XP level 3. HP: 12/24 MP: 1/8
   314 | D        | Learned a level 3 spell: Stone Arrow
   327 | D        | Noticed a water elemental
   331 | D        | HP: 1/24 [water elemental (12)]
   336 | D        | Killed a water elemental
   337 | D        | Reached skill level 5 in Spellcasting
   337 | D        | Reached skill level 7 in Earth Magic
   337 | D        | Reached XP level 4. HP: 13/30 MP: 3/11
   413 | D        | Learned a level 4 spell: Petrify
   422 | D        | Found a radiant altar of Vehumet.
   422 | D        | Found a shimmering blue altar of Sif Muna.
   422 | D        | Found an ancient bone altar of Kikubaaqudgha.
   422 | D        | Noticed a wizard
   424 | D        | Killed a wizard
   425 | D        | Reached skill level 8 in Earth Magic
   425 | D        | Reached XP level 5. HP: 36/36 MP: 10/13
   425 | D        | Noticed a red devil
   581 | D        | Became a worshipper of Sif Muna the Loreminder
   596 | D        | Found a basalt altar of Yredelemnul.
   596 | D        | Found a shadowy altar of Dithmenos.
   596 | D        | Found a sacrificial altar of Ru.
   599 | D        | Reached skill level 10 in Earth Magic
   600 | D        | Reached XP level 6. HP: 23/42 MP: 11/16
   674 | D        | Reached * piety under Sif Muna
   675 | D        | Reached skill level 11 in Earth Magic
   680 | D        | Noticed a shadow
   682 | D        | Killed a shadow
   683 | D        | Reached skill level 13 in Earth Magic
   683 | D        | Reached XP level 7. HP: 44/47 MP: 15/19
   709 | D        | Found a blossoming altar of Fedhas.
   709 | D        | Found a stormy altar of Qazlal.
   709 | D        | Found a snail-covered altar of Cheibriados.
   709 | D        | Found a burning altar of Makhleb.
   709 | D        | Found a shimmering altar of Xom.
   710 | D        | Noticed a spatial vortex
   713 | D        | Found a hazy altar of Hepliaklqana.
   713 | D        | Found an opulent altar of Gozag.
   713 | D        | Found a sparkling altar of Nemelex Xobeh.
   713 | D        | Found a corrupted altar of Lugonu.
   713 | D        | Found a viscous altar of Jiyva.
   714 | D        | Killed a spatial vortex
   800 | D        | Found a hide-covered altar of Uskayaw.
   800 | D        | Found an iron altar of Okawaru.
   800 | D        | Found a bloodstained altar of Trog.
   800 | D        | Found an ornate altar of the Wu Jian Council.
   800 | D        | Noticed a human
   800 | D        | Noticed a human
   803 | D        | Killed a human
   803 | D        | Reached ** piety under Sif Muna
   804 | D        | Reached skill level 14 in Earth Magic
   807 | D        | Killed a human
   808 | D        | Reached skill level 10 in Spellcasting
   808 | D        | Reached skill level 15 in Earth Magic
   808 | D        | Reached XP level 8. HP: 8/53 MP: 14/22
   978 | D        | Found a glowing silver altar of Zin.
   978 | D        | Found a glowing golden altar of the Shining One.
   978 | D        | Found a white marble altar of Elyvilon.
   978 | D        | Noticed a deep elf pyromancer
   982 | D        | Killed a deep elf pyromancer
   983 | D        | Reached skill level 16 in Earth Magic
  1063 | D        | Noticed Josephine
  1066 | D        | Killed from afar by Josephine

Illustrated notes

Levels and vault maps discovered:
D:        dungeon_sprint_mu [sprint_mu_entry_forest, sprint_mu_temple_rooms,
          sprint_mu_d1_horrors, sprint_mu_d2_genie, sprint_mu_d3_branching,
          sprint_mu_orc_legion, sprint_mu_elf_gauntlet, sprint_mu_hive_nellie,
          sprint_mu_lair_fedhas, sprint_mu_vaults_butterflies,
          sprint_mu_slime_circle, sprint_mu_swamp_cave, sprint_mu_snake_twists,
          sprint_mu_blade_basic, sprint_mu_crypt_fortress,
          sprint_mu_tomb_spiral, sprint_mu_vestibule_basic,
          sprint_mu_gehenna_hellfire, sprint_mu_dis_giant,
          sprint_mu_tartarus_statrot, sprint_mu_cocytus_islands, sprint_mu_zot1]

Skill      XL: |  1  2  3  4  5  6  7  8 |
---------------+-------------------------+-----
Earth Magic    | 4 6 7 8 10 13 15 16 | 16.8
Stealth        | 3 4 |  4.4
Dodging        | 2 |  2.9
Spellcasting   | 3 5 7 8 10 | 10.9
Fighting       | |  0.5
Unarmed Combat | |  0.4
Transmutations | |  1.1

Action                   |  1- 3 |  4- 6 |  7- 9 || total
-------------------------+-------+-------+-------++-------
Melee: Unarmed           |     5 |       |       ||     5
 Cast: Sandblast         |    21 |     9 |    10 ||    40
       Stone Arrow       |       |       |     7 ||     7
Evoke: Wand              |       |     1 |       ||     1
  Use: Potion            |     2 |       |       ||     2
Dodge: Dodged            |    19 |     1 |     5 ||    25

Table legend: (Time is in decaauts)
 A = Elapsed time spent in this place.
 B = Non-inter-level travel time spent in this place.
 C = Inter-level travel time spent in this place.
 D = Time resting spent in this place.
 E = Time spent auto-exploring this place.
 F = Levels seen in this place.
 G = Mean time per level.
                   A        B        C        D        E       F      G
               +--------+--------+--------+--------+--------+-----+--------+
         Total |   1085 |   1085 |      0 |    752 |     58 |   1 | 1085.0 |
       Dungeon |   1085 |   1085 |      0 |    752 |     58 |   1 | 1085.0 |
               +--------+--------+--------+--------+--------+-----+--------+

Top non-repeatable levels by time:
       D: 1085 daAuts
